 Dungeon Crawl Stone Soup version 0.23.1-37-gaa34b87b72 (webtiles) character file.

Game seed: 10205447086515618049

122 PentaManta the Cutter (level 5, 0/33 HPs)
             Began as a Kobold Monk on Mar 25, 2019.
             Killed from afar by an orc wizard (11 damage)
             ... with a puff of flame
             ... on level 3 of the Dungeon.
             The game lasted 00:05:19 (2617 turns).

PentaManta the Cutter (Kobold Monk)                 Turns: 2617, Time: 00:05:20

Health: 0/33       AC:  4    Str:  8    XL:     5   Next: 27%
Magic:  5/5        EV: 17    Int: 12    God:
Gold:   134        SH:  0    Dex: 18    Spells: 4/4 levels left

rFire    . . .     SeeInvis .   a - +0 short sword
rCold    . . .     Gourm    .   (shield restricted)
rNeg     . . .     Faith    .   b - +0 robe
rPois    .         Spirit   .   (no helmet)
rElec    .         Reflect  .   g - +0 cloak
rCorr    .         Harm     .   (no gloves)
MR       .....                  f - +0 pair of boots
Stlth    ++........             (no amulet)
HPRegen  0.11/turn              (no ring)
MPRegen  0.09/turn              (no ring)

@: no status effects
A: small, carnivore, screaming 1, wild magic 1, MP-powered wands
a: no special abilities


You were on level 3 of the Dungeon.
You were not hungry.

You visited 1 branch of the dungeon, and saw 3 of its levels.

You collected 134 gold pieces.

Inventory:

Hand Weapons
 a - a +0 short sword (weapon)
Armour
 b - a +0 robe (worn)
 f - a +0 pair of boots (worn)
 g - a +0 cloak (worn)
Scrolls
 d - a scroll of identify {unknown}
 e - 2 scrolls of remove curse
Potions
 h - a potion of flight
Comestibles
 c - 7 rations


   Skills:
 + Level 4.1 Fighting
 * Level 6.0 Short Blades
 + Level 4.5 Dodging
 - Level 2.6 Stealth


You had 4 spell levels left.
You didn't know any spells.
Your spell library was empty.

Dungeon Overview and Level Annotations

Branches:
Dungeon (3/15)

Altars:
Kikubaaqudgha
Ru
Zin


Innate Abilities, Weirdness & Mutations

You are small and have problems with some larger weapons.
You are carnivorous and can eat meat at any time.
You occasionally shout uncontrollably at your foes.
Your spells are a little harder to cast, but a little more powerful.
You expend magic power (3 MP) to strengthen your wands.


Message History

The orc wizard hits you but does no damage.
You hit the orc wizard but do no damage.
The orc wizard is moderately wounded.
The orc wizard hits you but does no damage.
You hit the orc wizard.
The orc wizard is heavily wounded.
You hit the orc wizard but do no damage.
The orc wizard is heavily wounded.
The orc wizard hits you with a +0 dagger.
You hit the orc wizard.
The orc wizard is severely wounded.
The orc wizard hits you but does no damage.
You completely miss the orc wizard.
The orc wizard is severely wounded.
The orc wizard closely misses you. x2
You hit the orc wizard.
The orc wizard is almost dead.
The orc wizard gestures at you while chanting.
The puff of flame hits you!
You die...

#################
..............)..
######.#.#.###.#####
.####....#.....# #.#
......o).###.#####.#
#..o@_†)........##
#......#.........#
##.....#########.#
#....%###### #.#
#######....# #.#
#####.##.####.#
#..........<#'####
#........#........
#........#.#......


You could see 2 orc wizards.

Vanquished Creatures
  Terence (D:2)
  A worker ant zombie (D:3)
  2 adders (D:2)
  An ooze (D:3)
  A worm (D:3)
  2 leopard geckos (D:1)
  An orc (D:3)
  A giant cockroach (D:2)
  9 goblins
  11 hobgoblins
  A quokka (D:3)
  2 ball pythons (D:2)
  11 bats
  3 frilled lizards
  6 kobolds
  4 rats (D:1)
57 creatures vanquished.

Notes
Turn   | Place    | Note
-------+----------+-------------------------------------------
     0 | D:1      | PentaManta the Kobold Monk began the quest for the Orb.
     0 | D:1      | Reached XP level 1. HP: 14/14 MP: 1/1
   365 | D:1      | Reached XP level 2. HP: 7/19 MP: 2/2
   973 | D:1      | Reached XP level 3. HP: 23/23 MP: 3/3
  1206 | D:1      | Reached skill level 5 in Short Blades
  1484 | D:2      | Noticed Terence
  1605 | D:2      | Killed Terence
  1605 | D:2      | Reached XP level 4. HP: 16/29 MP: 4/4
  1928 | D:2      | Gained mutation: You have supernaturally acute eyesight.
                  | (SInv) [potion of mutation]
  1928 | D:2      | Gained mutation: Your muscles are strong. (Str +2) [potion
                  | of mutation]
  1928 | D:2      | Gained mutation: You are occasionally teleported next to
                  | monsters. [potion of mutation]
  1928 | D:2      | Gained mutation: You possess an exceptional clarity of
                  | mind. [potion of mutation]
  1930 | D:2      | Lost mutation: You possess an exceptional clarity of mind.
                  | [potion of mutation]
  1930 | D:2      | Lost mutation: You have supernaturally acute eyesight.
                  | (SInv) [potion of mutation]
  1930 | D:2      | Lost mutation: Your muscles are strong. (Str +2) [potion of
                  | mutation]
  1930 | D:2      | Lost mutation: You are occasionally teleported next to
                  | monsters. [potion of mutation]
  1930 | D:2      | Gained mutation: You occasionally shout uncontrollably at
                  | your foes. [potion of mutation]
  1930 | D:2      | Gained mutation: Your spells are a little harder to cast,
                  | but a little more powerful. [potion of mutation]
  1930 | D:2      | Gained mutation: You expend magic power (3 MP) to
                  | strengthen your wands. [potion of mutation]
  2204 | D:2      | Found a glowing silver altar of Zin.
  2205 | D:2      | Found a sacrificial altar of Ru.
  2473 | D:3      | Reached XP level 5. HP: 23/33 MP: 5/5
  2528 | D:3      | Found an ancient bone altar of Kikubaaqudgha.
  2600 | D:3      | Reached skill level 6 in Short Blades
  2617 | D:3      | Killed from afar by an orc wizard

Skill      XL: |  1  2  3  4  5 |
---------------+----------------+-----
Dodging        | 4 |  4.5
Short Blades   | 5 6 |  6.0
Fighting       | 4 |  4.1
Stealth        | |  2.6

Action                   |  1- 3 |  4- 6 || total
-------------------------+-------+-------++-------
Melee: Short sword       |   180 |   112 ||   292
  Use: Scroll            |     5 |       ||     5
       Potion            |     2 |     3 ||     5
 Stab: Sleeping          |     8 |     1 ||     9
       Distracted        |     1 |     1 ||     2
  Eat: Chunk             |     4 |     2 ||     6
Armor: Robe              |    20 |    13 ||    33
       Skin              |    49 |    13 ||    62
Dodge: Dodged            |   129 |    83 ||   212
